RL
BAYOU VOODOO @ ATLANTIC CITY GAMBLERS
05/08/2060
 
TOP OF THE 1ST
Bayou Voodoo batting - Pitching for Atlantic City Gamblers : LHP Seth Mathis
Pitching: LHP Seth Mathis
Batting: RHB Chase Ritsch 0-0: Ground out 6-3 (Groundball, P, EV 83.8 MPH)
Batting: RHB Marc Lowell 0-0: Ball
1-0: Called Strike
1-1: Ground out U3 (Groundball, 34, EV 83.1 MPH)
Batting: RHB Jimmie D'Agosta 0-0: Called Strike
0-1: Ball
1-1: Ball
2-1: SOLO HOME RUN (Flyball, 9D, EV 94.4 MPH), Distance : 365 ft
Batting: RHB James Polly 0-0: Ball
1-0: Ball
2-0: Called Strike
2-1: Foul Ball, location: 2F
2-2: Strikes out swinging
Top of the 1st over - 1 run, 1 hit, 0 errors, 0 left on base; Bayou 1 - Atlantic City 0
BOTTOM OF THE 1ST
Atlantic City Gamblers batting - Pitching for Bayou Voodoo : RHP Kyle McLaughlin
Pitching: RHP Kyle McLaughlin
Batting: RHB Jay Brunet 0-0: Called Strike
0-1: Foul Ball, location: 2F
0-2: SINGLE (Line Drive, 5D, EV 100.0 MPH)
Batting: RHB Felix Guzman 0-0: Ball
1-0: Ball
2-0: Called Strike
Jay Brunet steals 2nd base
2-1: Ball
3-1: Swinging Strike
3-2: Base on Balls
Batting: LHB Dimitri Shaukat 0-0: Ball
1-0: Ball
2-0: Called Strike
2-1: Foul Ball, location: 2F
2-2: Ball
3-2: Base on Balls
Jay Brunet to third
Felix Guzman to second
Batting: LHB Damien Booth 0-0: Called Strike
0-1: Called Strike
0-2: Ball
1-2: Strikes out swinging
Batting: RHB Chase Kaback 0-0: Ball
1-0: Ball
2-0: Called Strike
2-1: Ball
3-1: Base on Balls
Jay Brunet scores
Felix Guzman to third
Dimitri Shaukat to second
Batting: LHB Grayson Fragale 0-0: Called Strike
0-1: Ball
1-1: Foul Ball, location: 2F
1-2: Strikes out swinging
Batting: RHB Roosevelt James 0-0: Swinging Strike
0-1: Ball
1-1: Called Strike
1-2: Foul Ball, location: 2F
1-2: Strikes out looking
Bottom of the 1st over - 1 run, 1 hit, 0 errors, 3 left on base; Bayou 1 - Atlantic City 1
TOP OF THE 2ND
Bayou Voodoo batting - Pitching for Atlantic City Gamblers : LHP Seth Mathis
Batting: RHB Clayton Borger 0-0: Called Strike
0-1: Ball
1-1: Ball
2-1: Called Strike
2-2: Strikes out swinging
Batting: RHB Davis Hintz 0-0: Swinging Strike
0-1: Called Strike
0-2: Strikes out swinging
Batting: LHB Logan Anderson 0-0: Ball
1-0: Ball
2-0: Called Strike
2-1: Foul Ball, location: 2F
2-2: Ball
3-2: Strikes out swinging
Top of the 2nd over - 0 runs, 0 hits, 0 errors, 0 left on base; Bayou 1 - Atlantic City 1
BOTTOM OF THE 2ND
Atlantic City Gamblers batting - Pitching for Bayou Voodoo : RHP Kyle McLaughlin
Batting: RHB Cody Langer 0-0: Ball
1-0: Ball
2-0: Foul Ball, location: 2F
2-1: Swinging Strike
2-2: Ball
3-2: Foul Ball, location: 2F
3-2: Base on Balls
Batting: RHB Seth Williams 0-0: Called Strike
0-1: Ball
1-1: Grounds into double play, 5-4-3 (Groundball, 5S, EV 94.4 MPH)
Batting: RHB Jay Brunet 0-0: Ball
1-0: Called Strike
1-1: Ball
2-1: Foul Ball, location: 2F
2-2: Ball
3-2: Ground out 6-3 (Groundball, 6, EV 97.5 MPH)
Bottom of the 2nd over - 0 runs, 0 hits, 0 errors, 0 left on base; Bayou 1 - Atlantic City 1
TOP OF THE 3RD
Bayou Voodoo batting - Pitching for Atlantic City Gamblers : LHP Seth Mathis
Batting: RHB Clayton Walters 0-0: Swinging Strike
0-1: Swinging Strike
0-2: Strikes out swinging
Batting: RHB Phil Fields 0-0: Ball
1-0: Swinging Strike
1-1: Ball
2-1: Foul Ball, location: 2F
2-2: Foul Ball, location: 2F
2-2: Ball
3-2: TRIPLE (Flyball, 89XD, EV 111.2 MPH)
Batting: RHB Chase Ritsch 0-0: Swinging Strike
0-1: Ball
1-1: Ball
2-1: Foul Ball, location: 2F
2-2: Foul Ball, location: 2F
2-2: Foul Ball, location: 2F
2-2: Ball
3-2: Foul Ball, location: 2F
3-2: Fly out, F7 (Flyball, 78M, EV 81.2 MPH)
Runner from 3rd tags up, SCORES, throw by LF
Batting: RHB Marc Lowell 0-0: Ball
1-0: Fly out, F8 (Flyball, 89S, EV 97.5 MPH)
Top of the 3rd over - 1 run, 1 hit, 0 errors, 0 left on base; Bayou 2 - Atlantic City 1
BOTTOM OF THE 3RD
Atlantic City Gamblers batting - Pitching for Bayou Voodoo : RHP Kyle McLaughlin
Batting: RHB Felix Guzman 0-0: Called Strike
0-1: Swinging Strike
0-2: Ball
1-2: Ball
2-2: Strikes out looking
Batting: LHB Dimitri Shaukat 0-0: Called Strike
0-1: Swinging Strike
0-2: Fly out, F8 (Line Drive, 8RM, EV 95.0 MPH)
Batting: LHB Damien Booth 0-0: Ball
1-0: Called Strike
1-1: Foul Ball, location: 2F
1-2: Strikes out swinging
Bottom of the 3rd over - 0 runs, 0 hits, 0 errors, 0 left on base; Bayou 2 - Atlantic City 1
TOP OF THE 4TH
Bayou Voodoo batting - Pitching for Atlantic City Gamblers : LHP Seth Mathis
Batting: RHB Jimmie D'Agosta 0-0: Ball
1-0: Ball
2-0: Ball
3-0: Base on Balls
Batting: RHB James Polly 0-0: Ball
1-0: Ball
2-0: DOUBLE (Line Drive, 7LS, EV 108.1 MPH)
Jimmie D'Agosta to third
Batting: RHB Clayton Borger 0-0: Called Strike
0-1: Ball
1-1: Called Strike
1-2: Strikes out swinging
Batting: RHB Davis Hintz 0-0: Ball
1-0: Called Strike
1-1: Called Strike
1-2: Fly out, F8 (Flyball, 89M, EV 94.4 MPH)
Batting: LHB Logan Anderson 0-0: Ball
1-0: Ball
2-0: Ball
3-0: Called Strike
3-1: Base on Balls
Batting: RHB Clayton Walters 0-0: Ball
1-0: Ball
2-0: Called Strike
2-1: Ball
3-1: Base on Balls
Jimmie D'Agosta scores
James Polly to third
Logan Anderson to second
Batting: RHB Phil Fields 0-0: Foul Ball, location: 2F
0-1: Foul Ball, location: 2F
0-2: Foul Ball, location: 2F
0-2: Foul Ball, location: 2F
0-2: Ball
1-2: Ball
2-2: Fly out, F7 (Flyball, 7S, EV 84.4 MPH)
Top of the 4th over - 1 run, 1 hit, 0 errors, 3 left on base; Bayou 3 - Atlantic City 1
BOTTOM OF THE 4TH
Atlantic City Gamblers batting - Pitching for Bayou Voodoo : RHP Kyle McLaughlin
Batting: RHB Chase Kaback 0-0: Ball
1-0: Called Strike
1-1: Ball
2-1: Swinging Strike
2-2: Ball
3-2: SINGLE (Line Drive, 9S, EV 105.6 MPH)
Batting: LHB Grayson Fragale 0-0: SINGLE (Line Drive, 56D, EV 111.9 MPH)
Chase Kaback to second
Batting: RHB Roosevelt James 0-0: Called Strike
0-1: Ball
1-1: Fielders Choice at 2nd, 5-4 (Groundball, 56, EV 77.5 MPH)
Chase Kaback to third
Batting: RHB Cody Langer 0-0: Ball
1-0: Called Strike
1-1: Called Strike
1-2: SINGLE (Line Drive, 8RS, EV 103.8 MPH)
Chase Kaback scores
Roosevelt James to second
Batting: RHB Seth Williams 0-0: Ball
1-0: Ball
2-0: Grounds into double play, 6-4-3 (Groundball, 6, EV 94.4 MPH)
Bottom of the 4th over - 1 run, 3 hits, 0 errors, 1 left on base; Bayou 3 - Atlantic City 2
TOP OF THE 5TH
Bayou Voodoo batting - Pitching for Atlantic City Gamblers : LHP Seth Mathis
Batting: RHB Chase Ritsch 0-0: Ground out 4-3 (Groundball, 34, EV 87.5 MPH)
Batting: RHB Marc Lowell 0-0: Fly out, F7 (Flyball, 7, EV 90.0 MPH)
Batting: RHB Jimmie D'Agosta 0-0: Called Strike
0-1: Ball
1-1: Fly out, F9 (Flyball, 9LS, EV 91.9 MPH)
Top of the 5th over - 0 runs, 0 hits, 0 errors, 0 left on base; Bayou 3 - Atlantic City 2
BOTTOM OF THE 5TH
Atlantic City Gamblers batting - Pitching for Bayou Voodoo : RHP Kyle McLaughlin
Batting: RHB Jay Brunet 0-0: Ball
1-0: Ball
2-0: Swinging Strike
2-1: Foul Ball, location: 2F
2-2: Ground out 6-3 (Groundball, 6, EV 95.6 MPH)
Pitching: LHP Deshaun Alohalani
Batting: RHB Felix Guzman 0-0: Swinging Strike
0-1: Ball
1-1: Swinging Strike
1-2: Ground out 4-3 (Groundball, 4, EV 80.0 MPH)
Batting: LHB Dimitri Shaukat 0-0: Ball
1-0: Called Strike
1-1: Ground out 6-3 (Groundball, 6S, EV 73.1 MPH)
Bottom of the 5th over - 0 runs, 0 hits, 0 errors, 0 left on base; Bayou 3 - Atlantic City 2
TOP OF THE 6TH
Bayou Voodoo batting - Pitching for Atlantic City Gamblers : LHP Seth Mathis
Batting: RHB James Polly 0-0: Called Strike
0-1: Called Strike
0-2: Ball
1-2: Ground out 6-3 (Groundball, 6, EV 107.5 MPH)
Batting: RHB Clayton Borger 0-0: Called Strike
0-1: Ball
1-1: SOLO HOME RUN (Flyball, 7LD, EV 94.4 MPH), Distance : 337 ft
Batting: RHB Davis Hintz 0-0: Ball
1-0: Ball
2-0: Swinging Strike
2-1: Foul Ball, location: 2F
2-2: Foul Ball, location: 2F
2-2: Foul Ball, location: 2F
2-2: Strikes out swinging
Batting: LHB Logan Anderson 0-0: Ball
1-0: Called Strike
1-1: Foul Ball, location: 2F
1-2: Foul Ball, location: 2F
1-2: Ball
2-2: Fly out, F8 (Line Drive, 8RM, EV 90.6 MPH)
Top of the 6th over - 1 run, 1 hit, 0 errors, 0 left on base; Bayou 4 - Atlantic City 2
BOTTOM OF THE 6TH
Atlantic City Gamblers batting - Pitching for Bayou Voodoo : LHP Deshaun Alohalani
Batting: LHB Damien Booth 0-0: Ball
1-0: Foul Ball, location: 2F
1-1: TRIPLE (Flyball, 89XD, EV 96.9 MPH)
Batting: RHB Chase Kaback 0-0: Ball
1-0: Foul Ball, location: 2F
1-1: Ball
2-1: Swinging Strike
2-2: Foul Ball, location: 2F
2-2: Ball
3-2: Base on Balls
Batting: LHB Grayson Fragale 0-0: Ball
1-0: Ball
2-0: Called Strike
2-1: Foul Ball, location: 2F
2-2: Fielders Choice at 2nd, 4-6 (Groundball, 4, EV 91.9 MPH)
Damien Booth scores
Batting: RHB Roosevelt James 0-0: Ball
1-0: Foul Ball, location: 2F
1-1: Swinging Strike
1-2: Ball
2-2: Foul Ball, location: 2F
2-2: Foul Ball, location: 2F
2-2: Foul Ball, location: 2F
2-2: Strikes out swinging
Batting: RHB Cody Langer 0-0: Called Strike
0-1: Called Strike
0-2: Ball
1-2: Ball
2-2: Ball
3-2: Foul Ball, location: 2F
3-2: Strikes out looking
Bottom of the 6th over - 1 run, 1 hit, 0 errors, 1 left on base; Bayou 4 - Atlantic City 3
TOP OF THE 7TH
Bayou Voodoo batting - Pitching for Atlantic City Gamblers : LHP Seth Mathis
Batting: RHB Clayton Walters 0-0: Fly out, F8 (Flyball, 8LXD, EV 108.1 MPH)
Batting: RHB Phil Fields 0-0: Called Strike
0-1: Foul Ball, location: 2F
0-2: Foul Ball, location: 2F
0-2: Ball
1-2: Ball
2-2: Fly out, F8 (Flyball, 8RD, EV 96.9 MPH)
Batting: RHB Chase Ritsch 0-0: Called Strike
0-1: Ball
1-1: Ball
2-1: Ball
3-1: SOLO HOME RUN (Flyball, 7LD, EV 94.4 MPH), Distance : 349 ft
Pitching: RHP Garett Vaughn
Batting: RHB Marc Lowell 0-0: DOUBLE (Line Drive, 78XD, EV 96.9 MPH)
Batting: RHB Jimmie D'Agosta 0-0: Ball
1-0: Ball
2-0: Foul Ball, location: 2F
2-1: Swinging Strike
2-2: Foul Ball, location: 2F
2-2: SINGLE (Groundball, 4D, EV 105.0 MPH)
Marc Lowell to third
Batting: RHB James Polly 0-0: Called Strike
0-1: Ball
1-1: Fly out, F7 (Flyball, 7LM, EV 86.9 MPH)
Top of the 7th over - 1 run, 3 hits, 0 errors, 2 left on base; Bayou 5 - Atlantic City 3
BOTTOM OF THE 7TH
Atlantic City Gamblers batting - Pitching for Bayou Voodoo : LHP Deshaun Alohalani
Batting: RHB Seth Williams 0-0: Called Strike
0-1: Swinging Strike
0-2: Fly out, F8 (Line Drive, 8LS, EV 97.5 MPH)
Batting: RHB Jay Brunet 0-0: Ball
1-0: Called Strike
1-1: Foul Ball, location: 2F
1-2: Foul Ball, location: 2F
1-2: Ball
2-2: Foul Ball, location: 2F
2-2: Foul Ball, location: 2F
2-2: Ball
3-2: Base on Balls
Pitching: LHP Brendan Jespersen
Batting: RHB Felix Guzman 0-0: SINGLE (Groundball, 6S, EV 61.2 MPH) (infield hit)
Jay Brunet to second
Batting: LHB Dimitri Shaukat 0-0: Ball
Jay Brunet is caught stealing 3rd base 2-5
Felix Guzman to second
1-0: Foul Ball, location: 2F
1-1: Ball
2-1: Ground out 6-3 (Groundball, 6, EV 88.8 MPH)
Bottom of the 7th over - 0 runs, 1 hit, 0 errors, 1 left on base; Bayou 5 - Atlantic City 3
TOP OF THE 8TH
Bayou Voodoo batting - Pitching for Atlantic City Gamblers : RHP Garett Vaughn
Batting: RHB Clayton Borger 0-0: Ground out 3-1 (Groundball, 34, EV 80.6 MPH)
Pinch Hitting: RHB Logan Caputo 0-0: Called Strike
0-1: Ground out 4-3 (Groundball, 4, EV 100.0 MPH)
Batting: LHB Logan Anderson 0-0: Ball
1-0: Ball
2-0: SINGLE (Flyball, 89S, EV 91.9 MPH) - OUT at second base trying to stretch hit.
Top of the 8th over - 0 runs, 1 hit, 0 errors, 0 left on base; Bayou 5 - Atlantic City 3
BOTTOM OF THE 8TH
Atlantic City Gamblers batting - Pitching for Bayou Voodoo : LHP Brendan Jespersen
Pitching: RHP Blaine Hall
Now in RF: Kai Hayes
Batting: LHB Damien Booth 0-0: Called Strike
0-1: Swinging Strike
0-2: Ball
1-2: Foul Ball, location: 2F
1-2: Foul Ball, location: 2F
1-2: Fly out, F5 (Popup, 15S, EV 86.9 MPH)
Batting: RHB Chase Kaback 0-0: Called Strike
0-1: Swinging Strike
0-2: Fly out, F7 (Flyball, 78M, EV 90.0 MPH)
Batting: LHB Grayson Fragale 0-0: Ball
1-0: Ball
2-0: Ball
3-0: Base on Balls
Batting: RHB Roosevelt James 0-0: Ground out 5-3 (Groundball, 56S, EV 68.8 MPH)
Bottom of the 8th over - 0 runs, 0 hits, 0 errors, 1 left on base; Bayou 5 - Atlantic City 3
TOP OF THE 9TH
Bayou Voodoo batting - Pitching for Atlantic City Gamblers : RHP Garett Vaughn
Batting: RHB Clayton Walters 0-0: Ball
1-0: Foul Ball, location: 2F
1-1: Ball
2-1: Called Strike
2-2: Strikes out swinging
Batting: RHB Phil Fields 0-0: Called Strike
0-1: Ball
1-1: Foul Ball, location: 2F
1-2: Ball
2-2: Foul Ball, location: 2F
2-2: Fly out, F7 (Flyball, 7LS, EV 88.8 MPH)
Batting: RHB Chase Ritsch 0-0: Ball
1-0: Foul Ball, location: 2F
1-1: Ball
2-1: Swinging Strike
2-2: Foul Ball, location: 2F
2-2: Strikes out swinging
Top of the 9th over - 0 runs, 0 hits, 0 errors, 0 left on base; Bayou 5 - Atlantic City 3
BOTTOM OF THE 9TH
Atlantic City Gamblers batting - Pitching for Bayou Voodoo : RHP Blaine Hall
Batting: RHB Cody Langer 0-0: Ball
1-0: Ball
2-0: Fly out, F8 (Flyball, 8LD, EV 101.9 MPH)
Pinch Hitting: LHB Kameron Meadows 0-0: Foul Ball, location: 2F
0-1: Ball
1-1: Ball
2-1: Ball
3-1: Base on Balls
Batting: RHB Jay Brunet 0-0: Ball
1-0: Ball
2-0: Fielders Choice at 2nd, 6-4 (Groundball, 6, EV 86.2 MPH)
Batting: RHB Felix Guzman 0-0: Ball
1-0: Fly out, F9 (Line Drive, 9D, EV 95.0 MPH)
Bottom of the 9th over - 0 runs, 0 hits, 0 errors, 1 left on base; Bayou 5 - Atlantic City 3
Monday, April 29th , 2024 - OOTP Baseball 23.10 Build 110